 Dungeon Crawl Stone Soup version 0.30.0-19-g36f170ea60 (webtiles) character file.

Game seed: 12517270410912607264

1690 monsoonserge the Cleaver (level 9, -1/71 HPs)
             Began as a Hill Orc Fighter on June 1, 2023.
             Was a Follower of Lugonu.
             Killed from afar by Dowan (14 damage)
             ... with a shard of ice
             ... on level 6 of the Dungeon.
             The game lasted 00:15:12 (5010 turns).

monsoonserge the Cleaver (Hill Orc Fighter)         Turns: 5010, Time: 00:15:12

Health: -1/71      AC: 10    Str: 23    XL:     9   Next: 2%
Magic:  11/11      EV: 11    Int:  8    God:    Lugonu [*.....]
Gold:   283        SH:  4    Dex: 10    Spells: 8/8 levels left

rFire   . . .        a - +0 war axe
rCold   . . .        c - +0 buckler
rNeg    + . .        C - +2 ring mail {rN+}
rPois   .            (no helmet)
rElec   .            y - +0 cloak
rCorr   +            (no gloves)
SInv    +            q - +0 pair of boots
Will    .....        (no amulet) Stlth
                     l - ring of resist corrosion
HPRegen 0.31/turn    r - ring of see invisible
MPRegen 0.12/turn

%: no passive effects
@: flying (expiring), hasted, very quick
A: reduced essence
a: Renounce Religion, Depart the Abyss


You were on level 6 of the Dungeon.
You worshipped Lugonu.
Lugonu was aware of your devotion.
You visited 2 branches of the dungeon, and saw 7 of its levels.
You visited the Abyss 1 time.

You collected 283 gold pieces.

Inventory:

Hand Weapons
 a - a +0 war axe (weapon)
 u - a +1 whip of electrocution
 x - a +2 quarterstaff of chaos
Armour
 c - a +0 buckler (worn)
 q - a +0 pair of boots (worn)
 v - a +2 robe of resistance
 y - a +0 cloak (worn)
 C - a +2 ring mail of positive energy (worn)
Jewellery
 l - a ring of resist corrosion (left hand)
 r - a ring of see invisible (right hand)
Wands
 t - a wand of roots (7)
Scrolls
 e - a scroll of silence {unknown}
 f - a scroll of acquirement {unknown}
 g - a scroll of torment {unknown}
 h - a scroll of noise {unknown}
 m - a scroll of fog {unknown}
 n - a scroll of identify
 p - a scroll of enchant armour {unknown}
 s - 2 scrolls of enchant weapon
 w - a scroll of poison {unknown}
 z - a scroll of vulnerability {unknown}
 A - a scroll of fear {unknown}
 B - a scroll of blinking {unknown}
Potions
 b - 2 potions of lignification {unknown}
 d - a potion of mutation {unknown}
 i - 3 potions of flight
 k - 3 potions of degeneration {unknown}
 o - 5 potions of curing


   Skills:
 + Level 7.5 Fighting
 + Level 11.1 Axes
 + Level 4.0 Armour
 + Level 2.3 Dodging
 - Level 4.0 Shields
 * Level 3.0 Invocations


You had 8 spell levels left.
You didn't know any spells.
Your spell library contained the following spells:

 Spells                   Type           Power      Damage    Failure   Level
 Call Canine Familiar     Summ           0%         N/A       94%         3
 Portal Projectile        Hex/Tloc       0%         N/A       94%         3
 Leda's Liquefaction      Hex/Erth       0%         N/A       100%        4


Dungeon Overview and Level Annotations

Branches:
Dungeon (6/15)             Temple (1/1) D:5

Altars:
Ashenzari
Cheibriados
Dithmenos
Elyvilon
Gozag
Hepliaklqana
Kikubaaqudgha
Makhleb
Nemelex Xobeh
Qazlal
Ru
Sif Muna
Trog
Vehumet
Wu Jian
Xom
Yredelemnul
Zin
The Shining One

Annotations:
D:6 Dowan


Message History

Eustachio is almost dead.
You miss the crimson imp. You barely miss Dowan.
You are starting to lose your buoyancy.
Dowan says, "Her death will not be in vain!"
Dowan hits you but does no damage. You partially resist.
You block the crimson imp's attack. Dowan casts a spell at you.
The stone arrow misses you.
You barely miss Eustachio.
Eustachio is almost dead.
You closely miss Dowan. You miss the crimson imp.
Eustachio gestures wildly while chanting.
The crimson imp closely misses you.
Unknown command.
You closely miss Eustachio.
Eustachio is almost dead.
You hit Dowan but do no damage. You hit the rat.
You kill the rat!
The rat's corpse disappears in a puff of smoke!
You barely miss the crimson imp. Dowan hits you but does no damage.
You partially resist. Eustachio closely misses you.
You slash Eustachio!
You kill Eustachio!
Lugonu accepts your kill.
The crimson imp disappears in a puff of smoke!
The white imp disappears in a puff of smoke!
The crimson imp disappears in a puff of smoke!
You closely miss Dowan. Dowan hits you but does no damage.
You partially resist.
Your life force feels restored.
You hit Dowan.
Dowan is severely wounded.
Dowan mumbles some strange words.
Dowan blinks!
Unknown command.
You completely miss Dowan.
Dowan is severely wounded.
Dowan gestures at you while chanting. The shard of ice hits you!
You die...

###.#.# #.........#
......... .....# #..
.......... .... #.. #
........[#######.####.###
..........)rbb§..........
........)#######.####.###
......$§.### #.####.##
........e..# #.......##
.......§@).# #.........
#.........# ##........
#......§§.# #........
#.........# #........
#.......................
#.....................##
#.....................##
####..........######.###
#......##### #.# #


You could see Dowan (fast).

Vanquished Creatures
  Maggie (D:6)
  Eustachio (D:6)
  Menkaure (D:4)
  Duvessa (D:6)
  2 ogres
  A phantom (D:4)
  Crazy Yiuf (D:4)
  An iguana (D:6)
  5 orc wizards
  Robin (D:2)
  2 gnolls (D:2)
  An adder (D:4)
  A white imp (D:6)
  4 worms
  5 dart slugs
  8 orcs
  4 endoplasms
  4 giant cockroaches
  12 goblins
  5 hobgoblins
  7 jackals
  3 quokkas
  10 ball pythons
  6 bats (D:1)
  3 frilled lizards (D:2)
  9 kobolds
  7 rats
106 creatures vanquished.

Vanquished Creatures (collateral kills)
  Pikel (D:4)
  An ogre (D:5)
  A phantom (D:5)
  A scorpion (D:5)
  A howler monkey (D:6)
  2 orc priests
  A hound (D:3)
  An iguana (D:4)
  A gnoll (D:2)
  2 adders
  2 worms
  A dart slug (D:2)
  6 orcs
  A bat (D:3)
  2 endoplasms
  5 goblins
  3 hobgoblins
  A quokka (D:5)
  3 ball pythons
  2 frilled lizards (D:3)
  4 kobolds
  A rat (D:2)
43 creatures vanquished.

Vanquished Creatures (others)
  A battlemage (D:6)
  3 ancestors (D:2)
4 creatures vanquished.

Grand Total: 153 creatures vanquished

Notes
Turn   | Place    | Note
-------+----------+-------------------------------------------
     0 | D:1      | monsoonserge the Hill Orc Fighter began the quest for the
                  | Orb.
     0 | D:1      | Reached XP level 1. HP: 19/19 MP: 1/1
    72 | D:1      | Reached XP level 2. HP: 21/27 MP: 2/2
   189 | D:1      | Reached skill level 3 in Axes
   189 | D:1      | Reached XP level 3. HP: 24/33 MP: 3/3
   352 | D:1      | Found a faded altar of an unknown god.
   381 | D:1      | Prayed at the altar of an unknown god.
   381 | D:1      | Became a worshipper of Hepliaklqana the Forgotten
   381 | D:1      | Reached * piety under Hepliaklqana
   746 | D:2      | Reached skill level 1 in Dodging
   790 | D:2      | Reached XP level 4. HP: 26/36 MP: 4/4
   874 | D:3      | Found a shimmering altar of Xom.
   875 | D:3      | Found a shimmering altar of Xom.
   942 | D:2      | Reached skill level 4 in Axes
  1251 | D:2      | Noticed Robin
  1252 | D:2      | Reached ** piety under Hepliaklqana
  1260 | D:2      | Killed Robin
  1261 | D:2      | Reached XP level 5. HP: 34/41 MP: 5/5
  1971 | D:2      | Remembered your ancestor Agathoclea as a battlemage
  2323 | D:3      | Reached skill level 5 in Axes
  2508 | D:4      | Reached XP level 6. HP: 49/49 MP: 6/6
  2579 | D:4      | Reached skill level 5 in Fighting
  2579 | D:4      | Reached skill level 6 in Axes
  2814 | D:4      | Noticed Menkaure
  2817 | D:4      | Killed Menkaure
  2818 | D:4      | Reached skill level 7 in Axes
  2818 | D:4      | Reached XP level 7. HP: 46/54 MP: 7/7
  2824 | D:4      | Found a runed translucent door.
  2825 | D:4      | Noticed Crazy Yiuf
  3045 | D:4      | Noticed Pikel
  3070 | D:4      | Killed Pikel
  3071 | D:4      | Reached skill level 9 in Axes
  3071 | D:4      | Reached XP level 8. HP: 63/63 MP: 8/8
  3228 | D:4      | Found a sacrificial altar of Ru.
  3228 | D:4      | Found a sparkling altar of Nemelex Xobeh.
  3392 | D:4      | Killed Crazy Yiuf
  3545 | D:5      | Entered Level 5 of the Dungeon
  3607 | D:5      | Found a staircase to the Ecumenical Temple.
  3616 | Temple   | Entered the Ecumenical Temple
  3839 | D:5      | Reached *** piety under Hepliaklqana
  3996 | D:5      | Reached skill level 10 in Axes
  3996 | D:5      | Reached skill level 1 in Invocations
  4377 | D:5      | Found a shadowy altar of Dithmenos.
  4386 | D:5      | Found an ancient bone altar of Kikubaaqudgha.
  4886 | D:6      | Noticed Dowan
  4888 | D:6      | Noticed Maggie
  4897 | D:6      | Noticed Duvessa
  4898 | D:6      | Noticed Eustachio
  4905 | D:6      | Killed Duvessa
  4906 | D:6      | Reached skill level 11 in Axes
  4906 | D:6      | Reached XP level 9. HP: 46/71 MP: 11/11
  4918 | Abyss:1  | Found a corrupted altar of Lugonu.
  4918 | Abyss:1  | Cast into level 1 of the Abyss (Maggie)
  4925 | Abyss:1  | Fell from the grace of Hepliaklqana
  4925 | Abyss:1  | Became a worshipper of Lugonu the Unformed
  4925 | Abyss:1  | Reached * piety under Lugonu
  4925 | Abyss:1  | Reached ** piety under Lugonu
  4955 | Abyss:1  | Noticed a wretched star
  4957 | Abyss:1  | Noticed a freezing wraith
  4978 | D:6      | Escaped the Abyss
  4983 | D:6      | Killed Maggie
  5007 | D:6      | Killed Eustachio
  5010 | D:6      | Killed from afar by Dowan

Illustrated notes

Levels and vault maps discovered:
D:1:      psy_arrival_whirlpool, layout_rooms, ebering_ecumenical_altar_hall
D:2:      minmay_door_path, layout_basic, uniq_robin
D:3:      layout_loops_corners, xom_redecorated
D:4:      layout_loops_cross, gammafunk_temple_overflow_elements, serial_forest,
          infiniplex_forest_lined_room_, infiniplex_forest_fountain,
          infiniplex_forest_lined_room_2, infiniplex_forest_corner_2,
          infiniplex_forest_lined_1, infiniplex_forest_lined_room_,
          infiniplex_forest_lined_2, uniq_pikel, uniq_crazy_yiuf_cottage,
          uniq_menkaure
D:5:      layout_basic, overflow_temple_1_default,
          mainiacjoe_overflow_tiny_flanked, minmay_temple_entry_poolview,
          serial_rivers, chequers_serial_rivers_small_a,
          chequers_serial_rivers_micro_d, chequers_serial_rivers_room_b,
          chequers_serial_rivers_small_b
D:6:      layout_basic, okawaru_altar_gauntlet_db, serial_curves,
          eino_curves_04, eino_curves_03, amcnicky_mini_pool_small,
          uniq_eustachio, uniq_duvessa, uniq_maggie
Temple:   nicolae_temple_great_sept

Skill      XL: |  1  2  3  4  5  6  7  8 |
---------------+-------------------------+-----
Axes           | 3 4 5 7 9 11 | 11.1
Fighting       | 4 5 6 7 |  7.5
Dodging        | 1 2 |  2.3
Armour         | 4 |  4.0
Shields        | 4 |  4.0
Invocations    | 3 |  3.0

Action                     |  1- 3 |  4- 6 |  7- 9 || total
---------------------------+-------+-------+-------++-------
  Melee: War axe           |    98 |   107 |   104 ||   309
 Invoke: Ancestor Life: Ba |       |     1 |       ||     1
         Depart the Abyss  |       |       |     1 ||     1
    Use: Potion            |       |     1 |     3 ||     4
         Scroll            |       |       |     1 ||     1
 Armour: Chain mail        |    80 |    57 |     1 ||   138
         Robe              |       |       |    14 ||    14
         Ring mail         |       |       |    21 ||    21
  Dodge: Dodged            |    47 |    57 |    45 ||   149
  Block: Buckler           |    29 |    28 |    14 ||    71
